 Dungeon Crawl Stone Soup version 0.29-a0-222-g5b244fca1f (webtiles) character file.

Game seed: 9474783908123856833

1010 NotAphid the Sneak (level 8, -5/69 HPs)
             Began as a Ghoul Monk on Feb 27, 2022.
             Was an Initiate of Yredelemnul.
             Slain by an ogre
             ... wielding a +0 giant spiked club
              (22 damage)
             ... on level 4 of the Dungeon.
             The game lasted 00:08:31 (5985 turns).

NotAphid the Sneak (Ghoul Monk)                     Turns: 5985, Time: 00:08:32

Health: -5/69      AC: 12    Str: 23    XL:     8   Next: 21%
Magic:  7/7        EV: 12    Int:  3    God:    Yredelemnul [......]
Gold:   230        SH:  0    Dex: 14    Spells: 7/7 levels left

rFire   . . .      SeeInvis .   i - +10 hunting sling of Lalex {vorpal, rN+++ Will++ Int-2 Dex+3}
rCold   + . .      Faith    .   (no shield)
rNeg    + + +      Spirit   .   y - +0 plate armour
rPois   ∞          Reflect  .   k - +0 helmet
rElec   .          Harm     .   (no cloak)
rCorr   .          Rampage  .   (no gloves)
Will    ++...                   (no boots)
Stlth   ..........              n - amulet of magic regeneration
HPRegen 0.00/turn               d - +4 ring of evasion
MPRegen 0.50/turn               w - +6 ring of strength

@: inhibited regen
A: claws 1, cold resistance 1, negative energy resistance 3, inhibited
regeneration, torment resistance 2
a: Renounce Religion, Recall Undead Harvest


You were on level 4 of the Dungeon.
You worshipped Yredelemnul.
Yredelemnul was noncommittal.
You visited 2 branches of the dungeon, and saw 6 of its levels.

You collected 230 gold pieces.

Inventory:

Hand Weapons
 i - the +10 hunting sling of Lalex (weapon) {vorpal, rN+++ Will++ Int-2 Dex+3}
   (You found it on level 4 of the Dungeon)

   Any ammunition fired from it inflicts extra damage upon your enemies.
   Int:       It affects your intelligence (-2).
   Dex:       It affects your dexterity (+3).
   rN:        It renders you almost immune to negative energy.
   Will:      It greatly increases your willpower.
Missiles
 j - 10 poisoned darts
 t - 4 javelins
 z - 15 boomerangs
Armour
 a - a +0 robe
 k - a +0 helmet (worn)
 l - a +0 pair of gloves
 m - a +0 chain mail
 y - a +0 plate armour (worn)
Jewellery
 d - a +4 ring of evasion (left claw)
 n - an amulet of magic regeneration (around neck)
 p - a +6 ring of dexterity
 w - a +6 ring of strength (right claw)
Wands
 q - a wand of mindburst (4)
Scrolls
 b - a scroll of noise
 r - a scroll of summoning {unknown}
 u - a scroll of teleportation
 x - a scroll of vulnerability {unknown}
Potions
 c - 4 potions of curing
 e - 2 potions of flight
 g - 2 potions of haste
 h - 3 potions of lignification {unknown}
 o - a potion of mutation {unknown}
 s - a potion of degeneration {unknown}
 v - a potion of magic {unknown}
 A - 2 potions of attraction {unknown}


   Skills:
 - Level 5.5 Fighting
 * Level 2.0 Slings
 - Level 2.1 Armour
 + Level 4.1 Dodging
 * Level 6.0 Stealth
 + Level 5.9 Unarmed Combat


You had 7 spell levels left.
You didn't know any spells.
Your spell library was empty.

Dungeon Overview and Level Annotations

Branches:
Dungeon (5/15)             Temple (1/1) D:4

Altars:
Ashenzari
Dithmenos
Elyvilon
Fedhas
Gozag
Hepliaklqana
Kikubaaqudgha
Makhleb
Okawaru
Qazlal
Ru
Sif Muna
Uskayaw
Vehumet
Wu Jian
Xom
Yredelemnul
The Shining One

Shops:
D:4 [


Innate Abilities, Weirdness & Mutations

You thrive by killing the living.
You are immune to poison.
You have sharp fingernails.
Your flesh is cold resistant. (rC+)
You are immune to negative energy. (rN+++)
You do not regenerate when monsters are visible.
You are immune to unholy pain and torment.


Message History

A black mist starts to gather...
z - 14 boomerangs (gained 2)
Things that are here:
a +0 war axe; a +0 plate armour You swap places.
z - 15 boomerangs (gained 1)
Things that are here:
a +0 flail; a +0 ring mail
A - 2 pink potions
Things that are here:
a +0 mace; a +0 robe You see here a +0 whip.
As you read the scroll labelled BOMAIDWEIRCH, it crumbles to dust.
You hear a loud clanging noise!
It was a scroll of noise.
You hear an angry growl.
As you read the scroll labelled CUKY AR YKHECUI, it crumbles to dust.
You feel strangely unstable.
It was a scroll of teleportation.
Blink to where?
Press: ? - help, Dir - move target, f - you Are you sure you want to cancel this blink?
Okay, then.
As you read the scroll labelled DOUCOH ZANIOT, it crumbles to dust.
It was a scroll of blinking.
Your surroundings suddenly seem different.
An ogre comes into view. It is wielding a +0 giant spiked club.
You shoot a sling bullet. The sling bullet hits the ogre.
The ogre is moderately wounded.
The ogre barely misses you.
The ogre hits you with a +0 giant spiked club!!
* * * LOW HITPOINT WARNING * * *
You see here a +4 shortbow.
There is a stone staircase leading up here.
The ogre completely misses you.
You climb upwards.
There is a stone staircase leading down here.
There is an open door here.
The ogre hits you with a +0 giant spiked club!!
You die...
Yredelemnul claims you as an undead slave.

.○.....○......#..........### #..
.....○...○....######...)...# #..
.○...§...°....# #.###.#.# #..
..............# #.# #...# #..
..............## #.# ##..# #..
..............8## #.####..# #..
................# #.......# #..
..............8.## ######.## ###
..............#.@## ##.#.# ##
.............○#..O####....######.
............○.#...'..............
.........○..°.#...####....######.
○.......○°.○..#..## #........###.
°.............#.## #.###.##.#...
################# #.# #.##)#.##
#.# #+# #.###.##.#.# #.# #.#
#.#...##.#.#


You could see an ogre.

Vanquished Creatures
  An orc warrior (D:5)
  An ogre (D:4)
  A centaur (D:5)
  2 phantoms
  A bullfrog (D:4)
  A gnoll sergeant (D:4)
  An orc priest (D:4)
  A jelly (D:3)
  2 hounds
  Terence (D:2)
  2 orc wizards
  Robin (D:2)
  12 gnolls
  3 adders
  2 worms (D:2)
  4 dart slugs
  10 orcs
  5 endoplasms
  3 giant cockroaches (D:1)
  19 goblins
  7 hobgoblins
  5 jackals
  2 quokkas (D:1)
  6 ball pythons
  A bat (D:1)
  4 frilled lizards
  5 kobolds
  11 rats
114 creatures vanquished.

Vanquished Creatures (collateral kills)
  A jelly (D:5)
  A gnoll (D:5)
  An ufetubus (D:5)
3 creatures vanquished.

Vanquished Creatures (others)
  A centaur zombie (D:5)
  A spectral jelly (D:5)
  A gnoll zombie (D:5)
  2 orc zombies (D:5)
  A spectral ufetubus (D:5)
6 creatures vanquished.

Grand Total: 123 creatures vanquished

Notes
Turn   | Place    | Note
-------+----------+-------------------------------------------
     0 | D:1      | NotAphid the Ghoul Monk began the quest for the Orb.
     0 | D:1      | Reached XP level 1. HP: 19/19 MP: 0/0
   156 | D:1      | Reached XP level 2. HP: 22/26 MP: 1/1
  1074 | D:1      | Reached XP level 3. HP: 31/31 MP: 2/2
  1531 | D:2      | Noticed Terence
  1540 | D:2      | Killed Terence
  1541 | D:2      | Reached XP level 4. HP: 30/40 MP: 3/3
  1689 | D:2      | Reached skill level 1 in Armour
  1943 | D:2      | Noticed Robin
  1972 | D:2      | Killed Robin
  2210 | D:2      | Reached XP level 5. HP: 47/47 MP: 4/4
  2682 | D:2      | You fall into a shaft and drop 2 floors!
  2797 | D:4      | Found Loemat's Antique Armour Shop.
  3321 | D:2      | Identified the +2 leather armour of Qaxis {rElec rC- rCorr
                  | Int+6}
  3761 | D:3      | Reached skill level 3 in Stealth
  3761 | D:3      | Reached XP level 6. HP: 50/55 MP: 5/5
  4274 | D:4      | Reached skill level 5 in Fighting
  4274 | D:4      | Reached skill level 5 in Unarmed Combat
  4358 | D:4      | Reached skill level 4 in Stealth
  4358 | D:4      | Reached XP level 7. HP: 14/61 MP: 6/6
  4898 | D:4      | Found a staircase to the Ecumenical Temple.
  5040 | D:4      | Identified the +10 hunting sling of Lalex {vorpal, rN+++
                  | Will++ Int-2 Dex+3}
  5430 | Temple   | Entered the Ecumenical Temple
  5515 | Temple   | Became a worshipper of Yredelemnul the Dark
  5515 | Temple   | Reached * piety under Yredelemnul
  5515 | Temple   | Reached ** piety under Yredelemnul
  5581 | D:5      | Entered Level 5 of the Dungeon
  5598 | D:5      | Reached skill level 5 in Stealth
  5780 | D:5      | Reached skill level 1 in Slings
  5780 | D:5      | Reached XP level 8. HP: 63/69 MP: 7/7
  5905 | D:5      | Reached skill level 6 in Stealth
  5985 | D:4      | Slain by an ogre

Illustrated notes

Levels and vault maps discovered:
D:1:      wander_arrival_lonely_grave, layout_basic,
          minmay_misc_feat_more_columns, minmay_misc_feat_square
D:2:      layout_loops_corners, uniq_terence, uniq_robin
D:3:      layout_basic, kennysheep_another_room, serial_park_tiny_2
D:4:      layout_loops_corners, lemuel_temple_firewalk_b, serial_shops,
          nicolae_lakefront_shop
D:5:      layout_basic, supply_closet_lemuel
Temple:   mainiacjoe_temple_coin_purse

Skill      XL: |  1  2  3  4  5  6  7  8 |
---------------+-------------------------+-----
Dodging        | 3 4 |  4.1
Fighting       | 4 5 |  5.5
Unarmed Combat | 4 5 |  5.9
Armour         | 1 2 |  2.1
Stealth        | 3 4 5 6 |  6.0
Slings         | 1 2 |  2.0

Action                   |  1- 3 |  4- 6 |  7- 9 || total
-------------------------+-------+-------+-------++-------
Melee: Unarmed           |    84 |   237 |    54 ||   375
       Punch             |     2 |     7 |     5 ||    14
 Fire: Hunting sling     |       |       |    16 ||    16
Throw: Dart              |       |       |    10 ||    10
Evoke: Wand              |       |     2 |     2 ||     4
  Use: Scroll            |       |       |     6 ||     6
 Stab: Sleeping          |     7 |     4 |       ||    11
Armor: Robe              |    13 |    22 |       ||    35
       Chain mail        |       |    59 |    18 ||    77
       Plate armour      |       |       |    19 ||    19
Dodge: Dodged            |    51 |   167 |    50 ||   268

Table legend: (Time is in decaauts)
 A = Elapsed time spent in this place.
 B = Non-inter-level travel time spent in this place.
 C = Inter-level travel time spent in this place.
 D = Time resting spent in this place.
 E = Time spent auto-exploring this place.
 F = Levels seen in this place.
 G = Mean time per level.
                   A        B        C        D        E       F      G
               +--------+--------+--------+--------+--------+-----+--------+
         Total |   5964 |   5703 |    261 |      0 |   4689 |   6 |  994.0 |
       Dungeon |   5868 |   5616 |    252 |      0 |   4622 |   5 | 1173.6 |
        Temple |     95 |     86 |      9 |      0 |     67 |   1 |   95.0 |
               +--------+--------+--------+--------+--------+-----+--------+

Top non-repeatable levels by time:
     D:4: 1875 daAuts
     D:2: 1606 daAuts
     D:1: 1292 daAuts
     D:3: 717 daAuts
     D:5: 377 daAuts
  Temple: 95 daAuts
